[Event "GCT Superbet Blitz Poland 2025"]
[Site "Warsaw"]
[Date "2025.04.29"]
[Round "8"]
[White "Aronian, Levon"]
[Black "Fedoseev, Vladimir"]
[Result "0-1"]
[ECO "C42"]
[WhiteElo "2747"]
[BlackElo "2739"]
[Annotator "ChessBase"]
[PlyCount "80"]
[EventDate "2025.??.??"]
[EventType "blitz"]
[TimeControl "300+2"]

1. e4 e5 2. Nf3 Nf6 3. Nxe5 d6 4. Nc4 Nxe4 5. Qe2 Qe7 6. Ne3 Be6 7. c4 Nc6 8. Nc3 Nf6 9. Ncd5 Qd8 10. b3 Be7 11. Bb2 O-O 12. g3 Nxd5 13. cxd5 Bf6 14. dxc6 Bxb2 15. Rb1 Bd4 16. cxb7 Rb8 17. Bg2 d5 $146 ({RR} 17... Qd7 18. O-O d5 19. Qa6 c5 20. Nc2 Bf6 21. d4 cxd4 22. Rbd1 Rxb7 23. Nxd4 Rb6 24. Qd3 Bg4 25. Bf3 Bh3 26. Rfe1 g6 27. Ne2 d4 28. Nf4 Bf5 29. Be4 Bxe4 30. Qxe4 Rd6 31. Nd3 {½-½ (31) Sethuraman,S (2637)-Abasov,N (2627) Astana 2019}) 18. Qb5 Qd6 19. O-O c5 20. Nc2 a6 21. Qd3 Bf6 22. Ne3 Rfd8 23. f4 Rxb7 24. f5 Bc8 25. Nxd5 Bd4+ 26. Kh1 Rbd7 27. f6 gxf6 28. Rbe1 Be5 29. Qc4 Bb7 30. Ne3 Bxg2+ 31. Kxg2 Qxd2+ 32. Re2 Qd4 33. Ng4 Qxc4 34. bxc4 Rd2 35. Rxd2 Rxd2+ 36. Rf2 Rd4 37. Nxf6+ Kg7 38. Ne8+ Kg6 39. Rb2 Rd8 40. Rb6+ f6 0-1

[Event "GCT Superbet Blitz Poland 2025"]
[Site "Warsaw"]
[Date "2025.04.29"]
[Round "8"]
[White "Deac, Bogdan-Daniel"]
[Black "Duda, Jan-Krzysztof"]
[Result "1-0"]
[ECO "A50"]
[WhiteElo "2668"]
[BlackElo "2739"]
[Annotator "ChessBase"]
[PlyCount "95"]
[EventDate "2025.??.??"]
[EventType "blitz"]
[TimeControl "300+2"]

1. Nf3 Nf6 2. c4 b6 3. d4 Bb7 4. Nc3 g6 5. d5 Bg7 6. e4 d6 7. Bd3 O-O 8. O-O Nbd7 ({RR} 8... e5 9. Bg5 h6 10. Be3 Nh5 11. Re1 Nf4 12. Bf1 Bc8 13. b4 a5 14. bxa5 Rxa5 15. Nd2 Ra8 16. a4 Nd7 17. Nb3 Nf6 18. f3 Bd7 19. Qd2 Kh7 20. a5 bxa5 21. Nxa5 g5 22. c5 dxc5 23. Nb7 {Jobava,B (2578)-Iliaguev,D (2247) Eforie Nord ROU 2025 1-0 (41)}) 9. Re1 e6 10. Rb1 ({RR} 10. Bg5 h6 11. Bd2 Re8 12. Qc1 Kh7 13. h3 a5 14. Qc2 Nc5 15. Bf1 Nh5 16. Rad1 Qf6 17. Nh2 exd5 18. Ng4 Qh4 19. Nxd5 Bxd5 20. cxd5 Rxe4 21. Rxe4 Nxe4 22. Qxe4 f5 23. Qc4 fxg4 24. hxg4 Be5 {Aronian,L (2797)-Mamedyarov,S (2765) Beijing 2014 0-1 (128)}) 10... a5 $146 ({RR} 10... Re8 11. h3 a6 12. Bg5 h6 13. Be3 Nc5 14. Bc2 Ncd7 15. Qd2 Kh7 16. b4 a5 17. a3 axb4 18. axb4 Ne5 19. Nxe5 dxe5 20. Ra1 Rxa1 21. Rxa1 exd5 22. cxd5 c6 23. Ra7 Qc8 24. dxc6 Bxc6 25. Rxf7 {Andreikin,D (2695)-Boros,D (2401) chess.com INT 2024 1-0 (47)}) ({RR} 10... Re8 11. h3 a6 12. Bg5 h6 13. Be3 Nc5 14. Bc2 Ncd7 15. Qd2 Kh7 16. b4 a5 17. a3 axb4 18. axb4 Ne5 19. Nxe5 dxe5 20. Ra1 Rxa1 21. Rxa1 exd5 22. cxd5 c6 23. Ra7 Qc8 24. dxc6 Bxc6 25. Rxf7 {Andreikin,D (2695)-Boros,D (2401) chess.com INT 2024 1-0 (47)}) 11. h3 Nh5 12. Bg5 Qc8 13. Qd2 Nc5 14. Bc2 Qd7 15. b3 e5 16. a3 a4 17. b4 Nb3 18. Qd1 Nf4 19. Bxb3 axb3 20. Bxf4 exf4 21. Rxb3 Ba6 22. Qd3 Rae8 23. a4 h6 24. Nb5 f5 25. exf5 Rxe1+ 26. Nxe1 Rxf5 27. Nf3 Qf7 28. Nbd4 Bxd4 29. Qxd4 g5 30. Rb1 Qg7 31. Qd3 Rf7 32. Re1 Re7 33. Rxe7 Qxe7 34. b5 Bc8 35. Qg6+ Qg7 36. Qe8+ Qf8 37. Qc6 Qd8 38. Qa8 Kf7 39. a5 bxa5 40. Qxa5 Bf5 41. Nd4 Bd7 42. Qa7 Kg6 43. Nc6 Bxc6 44. dxc6 g4 45. hxg4 Qe7 46. Qd4 Qe1+ 47. Kh2 Qc1 48. b6 1-0

[Event "GCT Superbet Blitz Poland 2025"]
[Site "Warsaw"]
[Date "2025.04.29"]
[Round "8"]
[White "Gavrilescu, David"]
[Black "Topalov, Veselin"]
[Result "1-0"]
[ECO "C55"]
[WhiteElo "2554"]
[BlackElo "2717"]
[Annotator "RC"]
[PlyCount "52"]
[EventDate "2025.??.??"]
[EventType "blitz"]
[TimeControl "300+2"]

1. e4 e5 2. Nf3 Nc6 3. Bc4 Nf6 4. d3 Be7 5. O-O O-O 6. a4 d6 7. a5 a6 8. h3 ({RR} 8. c3 Kh8 9. Re1 Ng8 10. d4 f5 11. dxe5 fxe4 12. Rxe4 Rxf3 13. gxf3 Nxe5 14. Rxe5 dxe5 15. Qxd8 Bxd8 16. Be3 Nf6 17. Nd2 Bh3 18. Ne4 Nxe4 19. fxe4 Be7 20. f3 Rf8 21. Kf2 Bh4+ 22. Ke2 Bg2 {Dominguez Perez,L (2947)-Timmermans,M (2754) Chess.com 2024 ½-½}) 8... Be6 9. Nc3 Qd7 ({RR} 9... Bxc4 10. dxc4 Nd7 11. Nd5 Nc5 12. Re1 Ne6 13. b4 h6 14. Nd2 Bg5 15. Nf1 Ne7 16. Bxg5 Nxg5 17. Nxe7+ Qxe7 18. Ra3 Rad8 19. Rg3 Ne6 20. Ne3 Kh7 21. Qg4 Qg5 22. Qe2 Nf4 23. Qd2 Qf6 24. Rf3 {Cordoba Roa,A (2341)-Triapishko,A (2473) chess.com INT 2024 1-0 (64)}) 10. Bg5 $146 ({RR} 10. Bd2 Rae8 11. Nd5 Bd8 12. Bb3 h6 13. c3 Na7 14. Ba4 c6 15. c4 Nh7 16. Ne3 Ng5 17. Nxg5 Bxg5 18. b4 g6 19. Nd5 f5 20. exf5 Bxd5 21. cxd5 Rxf5 22. d4 exd4 23. Bc2 Nb5 24. Bxf5 Qxf5 {Milliet,S (2366)-Swati,G (2320) Dresden 2008 1-0 (40)}) ({RR} 10. Re1 Rad8 11. Bg5 h6 12. Bxf6 Bxf6 13. Nd5 Bg5 14. Nxg5 hxg5 15. Qd2 f6 16. Qc3 Bf7 17. Ne3 Nd4 18. Qd2 c6 19. c3 Ne6 20. b4 Nf4 21. Nf5 d5 22. Bb3 dxe4 23. Bxf7+ Rxf7 24. Rxe4 Qxf5 {Gao,R (1938)-Yedidia,D (2056) chess.com INT 2023 0-1}) ({RR} 10. Re1 Rad8 11. Bg5 h6 12. Bxf6 Bxf6 13. Nd5 Bg5 14. Nxg5 hxg5 15. Qd2 f6 16. Qc3 Bf7 17. Ne3 Nd4 18. Qd2 c6 19. c3 Ne6 20. b4 Nf4 21. Nf5 d5 22. Bb3 dxe4 23. Bxf7+ Rxf7 24. Rxe4 Qxf5 {Gao,R (1938)-Yedidia,D (2056) chess.com INT 2023 0-1}) 10... Rae8 11. Nd5 Bxd5 12. exd5 Nb8 13. Bb3 h6 14. Be3 c6 15. dxc6 Nxc6 16. c3 Bd8 17. Ba4 Nd5 18. Bd2 Bf6 19. Re1 Rc8 20. Qb3 Nde7 21. d4 exd4 22. cxd4 d5 23. Rad1 Qc7 24. Ne5 Nxd4 25. Qb6 Qxb6 26. axb6 Rfd8 1-0

[Event "GCT Superbet Blitz Poland 2025"]
[Site "Warsaw"]
[Date "2025.04.29"]
[Round "9"]
[White "Praggnanandhaa R"]
[Black "Gavrilescu, David"]
[Result "1-0"]
[ECO "B13"]
[WhiteElo "2758"]
[BlackElo "2554"]
[Annotator "TA"]
[PlyCount "107"]
[EventDate "2025.??.??"]
[EventType "blitz"]
[TimeControl "300+2"]

1. d4 d5 2. Bf4 c5 3. e3 cxd4 4. exd4 Nc6 5. c3 Bf5 6. Qb3 Qd7 7. Nd2 e6 8. Ngf3 {[%emt 0:00:01] The position is equal.} f6 9. h3 g5 10. Bg3 h5 11. Be2 ({RR} 11. Bb5 a6 12. Be2 Nge7 13. c4 Bg6 14. cxd5 exd5 15. O-O Nf5 16. Bd3 Kf7 17. Rae1 g4 18. hxg4 hxg4 19. Bxf5 Bxf5 20. Nh4 Nxd4 21. Qc3 Nc6 22. Nxf5 Qxf5 23. f3 Bb4 24. Qb3 Bc5+ 25. Bf2 g3 {Moroni,L (2566)-Perez Ponsa,F (2554) Chess.com INT 2021 0-1 (31)}) 11... Nge7 12. Nf1 ({RR} 12. Rc1 Bh6 13. Qd1 Bg6 14. c4 Kf7 15. cxd5 exd5 16. O-O Nf5 17. Rc5 Kg7 18. Bh2 g4 19. hxg4 hxg4 20. Ne1 g3 21. Bxg3 Nxg3 22. fxg3 Be3+ 23. Rf2 Qd6 24. Nf1 Bxf2+ 25. Kxf2 Rae8 26. Bf3 Be4 {Janampa Javier,B (1814)-Alfaro Zambrano,L (2001) Cusco PER 2025 0-1 (46)}) 12... Bg7 $146 ({RR} 12... Be4 13. Ne3 Nf5 14. Nxf5 exf5 15. Nd2 Bxg2 16. Rg1 Bxh3 17. O-O-O f4 18. Bh2 Bf5 19. Qa4 O-O-O 20. Nb3 Kb8 21. Bf3 Ka8 22. Nc5 Bxc5 23. dxc5 Ne5 24. Qxd7 Rxd7 25. Be2 Bg4 26. f3 Bxf3 27. Bxf3 {Fournier,L (2063)-Bournel,A (2336) Agen 2021 0-1 (31)}) ({RR} 12... Be4 13. Ne3 Nc8 14. h4 g4 15. Nd2 Bg6 16. O-O Bh6 17. Rae1 O-O 18. Bb5 f5 19. c4 Nb6 20. c5 Nc8 21. f4 gxf3 22. Nxf3 f4 23. Ne5 Qg7 24. Nxc6 Be4 25. Bh2 fxe3 26. Re2 Rxf1+ 27. Kxf1 {Babiy,O (2296)-Hajiyeva,L (2042) Prague 2022 0-1 (35)}) ({RR} 12... Be4 13. Ne3 Nf5 14. Nxf5 exf5 15. Nd2 Bxg2 16. Rh2 Be4 17. f3 f4 18. fxe4 fxg3 19. Rg2 Bd6 20. exd5 Qxh3 21. dxc6 Kf8 22. Qd5 Qh1+ 23. Nf1 Kg7 24. Qxd6 Qxg2 25. Qe7+ Kg6 26. Bd3+ f5 27. Bxf5+ {Bartell,T (2354)-Rahul,S (2463) Sturbridge 2021 1-0}) 13. Ne3 Be4 14. h4 (14. Nd2 $11) 14... g4 $1 $15 15. Nd2 Bh7 16. Qa3 Bh6 17. b4 (17. O-O $15) 17... Ng6 $17 18. b5 Nce7 19. b6 O-O 20. bxa7 {[%emt 0:00:01][%csl Oa2,Oa7,Oc3] White has weak pawns} Nc6 {[%emt 0:00:31][%cal Of6f5] Wards off Bb8} 21. Bb5 Rfc8 (21... Rxa7 22. Qxa7 f5 23. Nxg4 (23. Bxc6 Qxc6 24. Bb8 f4 $16) 23... hxg4 24. h5 $16) (21... Nf4 $17 {and ...Qf7 should not be overlooked} 22. O-O Qf7 (22... Rxa7 23. Qxa7 $16) 23. Bxf4 Bxf4) 22. Bb8 Nge7 (22... Qe7 $17 23. Qxe7 Ngxe7) 23. Nb3 b6 {[%emt 0:00:12] Inhibits Nc5.} (23... Qd8 $17 24. Nc5 Qb6 (24... Nxb8 25. Nxe6 $11)) 24. Qa6 $11 (24. O-O Qd8 25. Qd6 Qxd6 (25... Nxa7 26. Qxe6+ Kg7 27. Bxa7 $11) 26. Bxd6 Rxa7 $17) 24... Qd8 25. Bxc6 (25. Qb7 $2 Rcxb8 (25... Nxa7 26. Bxa7 Qc7 27. Qxc7 $11) 26. axb8=B (26. axb8=R $2 Rxb8 27. Qa6 Ra8 $19) 26... Rxb8 $19) 25... Nxc6 26. Qb7 $36 {[%emt 0:00:01][%mdl 2048] White fights for an advantage. Some like it hot} Raxb8 27. axb8=Q Nxb8 28. O-O Bd3 29. Rfe1 Ba6 (29... Nd7 $11 30. Nxg4 hxg4 31. Rxe6 Nf8 32. Qxb6 Nxe6 33. Qxe6+ Kh8) 30. Qa7 $16 Bf4 (30... Qd6) 31. g3 Bd6 (31... Bc7 $16 32. Rac1 Bb5) 32. a4 (32. Ng2 $18 {and White stays clearly on top.} Bb5 33. Rxe6) 32... Bd3 {[%emt 0:00:08] [#]} (32... Rxc3 $16 {was called for.} 33. Rab1 Bd3) 33. a5 $1 $18 bxa5 34. Qxa5 (34. Rxa5 Nc6 (34... Rxc3 $2 35. Nc5 $18) 35. Qb7 Nxa5 $17) (34. Nxa5 $18 {Threatens to win with Nb7.} Qd7 35. Qb7) 34... Qxa5 35. Nxa5 Rxc3 (35... Nc6 $16 36. Ng2 Nd8) 36. Rec1 Rxc1+ 37. Rxc1 Kf7 38. Rc8 ({White should try} 38. Nb7 $16 Be7 39. Rc7) 38... Na6 (38... Ba6 $14 39. Rc1 Ke7) 39. Rc6 Be7 ({Black should try} 39... Ke7) 40. Nb3 Nb4 {[%emt 0:00:02] [#]} 41. Rc7 (41. Rb6 $142 $1) 41... Ke8 $16 42. Ng2 Bd6 {[%emt 0:00:01] Repels Nf4} 43. Rb7 Nc2 44. Nc5 Nxd4 $2 (44... Bf5 $16) 45. Nxd3 $18 {[%emt 0:00:01] White is clearly winning.} e5 46. Ne3 Nf3+ 47. Kf1 e4 48. Nb2 d4 49. Nf5 Be5 50. Nc4 d3 51. Ncd6+ Kd8 52. Nxe4 Kc8 53. Rb3 d2 54. Rd3 {[%emt 0:00:01] What a bad dream for Black. Weighted Error Value: White=0.21 (precise) /Black=0.46 Loses game: 	--- 	Black=1 Mistake: 	White=6 	Black=10 Inaccurate: 	White=4 	Black=2 OK: 	White=15 	Black=13 Best: 	White=5 	Black=1 Strong: 	White=1 	Black=1} 1-0

[Event "GCT Superbet Blitz Poland 2025"]
[Site "Warsaw"]
[Date "2025.04.29"]
[Round "9"]
[White "Duda, Jan-Krzysztof"]
[Black "Aronian, Levon"]
[Result "1-0"]
[ECO "A22"]
[WhiteElo "2739"]
[BlackElo "2747"]
[Annotator "RC"]
[PlyCount "55"]
[EventDate "2025.??.??"]
[EventType "blitz"]
[TimeControl "300+2"]

1. c4 Nf6 2. Nc3 e5 3. g3 Bb4 4. Bg2 O-O 5. Nf3 Re8 6. O-O Bxc3 7. bxc3 d6 8. a4 $146 ({RR} 8. d3 Bd7 9. h3 Bc6 10. e4 Nbd7 11. Nh4 b5 12. cxb5 Bxb5 13. Be3 Nc5 14. c4 Ba4 15. Qd2 Ne6 16. f4 exf4 17. gxf4 Nxe4 18. Bxe4 Qxh4 19. Bxa8 Rxa8 20. Kh2 Qf6 21. d4 Qf5 22. d5 Nf8 {Petersons,A-Klovsky,R Tallinn 1964 0-1 (36)}) ({RR} 8. d3 e4 9. Ng5 exd3 10. exd3 h6 11. Nh3 Nbd7 12. Nf4 Rb8 13. h3 b6 14. Nd5 Nxd5 15. cxd5 Qf6 16. Be3 Nc5 17. d4 Ne4 18. c4 Bd7 19. Re1 Re7 20. g4 Rbe8 21. Qd3 Qh4 22. Qf1 Ng5 {Andreikin,D (2723)-Grigoriants,S (2588) Moscow 2012 ½-½}) ({RR} 8. d3 e4 9. Nd4 h6 10. Rb1 Qe7 11. Bd2 Qe5 12. Bf4 Qh5 13. f3 exd3 14. exd3 Na6 15. Qd2 Nc5 16. Nb5 Ne6 17. Be3 Bd7 18. Nd4 Nc5 19. Nb3 b6 20. d4 Nb7 21. Rbe1 a5 22. Bf2 a4 {Gimenez,I (2068)-Tomeo,I (2291) Perez, Santa Fe ARG 2025 0-1 (33)}) ({RR} 8. Rb1 Nc6 9. d3 h6 10. e4 Rb8 11. h3 a6 12. Nd2 b5 13. f4 bxc4 14. Rxb8 Nxb8 15. Nxc4 Nbd7 16. fxe5 dxe5 17. Qf3 Qe7 18. g4 Nh7 19. h4 f6 20. d4 Bb7 21. Ba3 Qf7 22. d5 Nhf8 {Charochkina,D (2337)-Tarasova,V (2286) Khanty-Mansiysk 2013 ½-½ (61)}) ({RR} 8. d3 h6 9. Be3 Nbd7 10. Qd2 Ng4 11. h3 Nxe3 12. fxe3 Nf6 13. e4 c6 14. Nh4 d5 15. exd5 cxd5 16. Nf5 Bxf5 17. Rxf5 dxc4 18. Raf1 Re6 19. Qe3 Qb6 20. Qxb6 axb6 21. Bxb7 Rxa2 22. dxc4 Rxe2 {Staroszczyk,M (2004)-Dowgird,F (2172) Szczyrk 2014 0-1 (56)}) 8... a5 9. d3 e4 10. Nd4 h6 11. h3 b6 12. g4 Bb7 13. Nf5 exd3 14. exd3 Bxg2 15. Kxg2 Nbd7 16. d4 Qc8 17. Qf3 Rb8 18. Bxh6 gxh6 19. Nxh6+ Kg7 20. g5 Rh8 21. Nf5+ Kf8 22. Rae1 Rg8 23. Qf4 Qb7+ 24. Kh2 Re8 25. d5 Qc8 26. gxf6 Rh8 27. Ne7 Qd8 28. Qg5 1-0

[Event "GCT Superbet Blitz Poland 2025"]
[Site "Warsaw"]
[Date "2025.04.29"]
[Round "9"]
[White "Fedoseev, Vladimir"]
[Black "Firouzja, Alireza"]
[Result "1/2-1/2"]
[ECO "E08"]
[WhiteElo "2739"]
[BlackElo "2757"]
[Annotator "TA"]
[PlyCount "145"]
[EventDate "2025.??.??"]
[EventType "blitz"]
[TimeControl "300+2"]

1. d4 Nf6 2. c4 e6 3. Nf3 d5 4. g3 Bb4+ 5. Bd2 Be7 6. Bg2 O-O 7. O-O c6 8. Qc2 Nbd7 9. Bf4 a5 10. Rd1 {[%emt 0:00:05] E08: Closed Catalan: Main Line: 7 Qc2.} h6 11. Nc3 dxc4 12. Nd2 {[%emt 0:00:01][%cal Bf3d2,Bd2f1,Bf1e3][%mdl 32] White sacrificed a pawn} Nb6 13. e4 {[%emt 0:00:02] Inhibits Nfd5.} g5 14. Be3 Ng4 15. Nf1 f5 $146 (15... Nxe3 16. Nxe3 a4 17. a3 Qc7 18. Qe2 e5 19. d5 Bc5 20. Qh5 Bxe3 21. Qxh6 Bd4 22. Qxg5+ Kh8 23. Rxd4 exd4 24. Qh6+ Kg8 25. Qg5+ {½-½ Smirnov,P (2538)-Petrov,N (2551) Dzhubga Rapid op 2023 (7)}) ({RR} 15... Nxe3 16. Nxe3 a4 17. a3 Qc7 18. Qe2 e5 19. d5 Bc5 20. Qh5 Bxe3 21. Qxh6 Bd4 22. Qxg5+ Kh8 23. Rxd4 exd4 24. Qh6+ Kg8 25. Qg5+ {½-½ (25) Smirnov,P (2538)-Petrov,N (2551) Dzhubga RUS 2023}) ({RR} 15... Nxe3 16. Nxe3 a4 17. a3 Qc7 18. Qe2 e5 19. d5 Bc5 20. Qh5 Bxe3 21. Qxh6 Bd4 22. Qxg5+ Kh8 23. Rxd4 exd4 24. Qh6+ Kg8 25. Qg5+ {½-½ (25) Smirnov,P (2538)-Petrov,N (2551) Dzhubga RUS 2023}) 16. exf5 $1 exf5 (16... Qe8 $14) 17. d5 $16 Nxe3 18. Nxe3 Qe8 19. dxc6 bxc6 {[%emt 0:00:04][%csl Oa5,Oc4,Oc6] Black has weak pawns} 20. Na4 {[%emt 0:00:04] White is much more active.} Nxa4 21. Qxa4 (21. Qxc4+ Qf7 22. Qxc6 (22. Qxa4 f4 $11) 22... Be6 (22... Nxb2 $2 23. Bd5 $18)) 21... Rb8 22. Bxc6 Qg6 23. Qxc4+ Kg7 {[%emt 0:00:05] Black is weak on the light squares} (23... Kh8 $16) 24. Qd4+ $18 Qf6 25. Qa7 Be6 26. Bd5 (26. Qxa5 f4 27. Nd5 Bxd5 28. Qxd5 (28. Bxd5 fxg3 29. f4 gxf4 $17) 28... fxg3 29. fxg3 Qf2+ 30. Kh1 Rxb2 $17) (26. Nd5 $18 Bxd5 27. Bxd5) 26... f4 $14 27. Bxe6 fxe3 28. Qxe3 Rxb2 29. Rf1 Rc2 30. Rad1 (30. Rab1 {is more complex.} Bc5 31. Rb7+ Kh8 32. Qd3) 30... Rc6 (30... Bc5 $14 31. Rd7+ Kh8) 31. Bb3 (31. Bd5 $142 Bc5 32. Qe4) 31... Rc7 (31... Bc5 $142 32. Rd7+ Kh8) 32. Rd5 $16 Bb4 33. Qd3 Kh8 34. Qd4 (34. Qd1 $16) 34... Qxd4 35. Rxd4 Re7 36. Kg2 Re2 37. Rd5 {[%emt 0:00:02] Repels Bc5} Be1 38. Kh3 Bxf2 (38... Rfxf2 $11 39. Rxf2 Rxf2) 39. Kg4 (39. Rxa5 $16 Bc5 40. Rc1) 39... Rf6 $2 (39... a4 $1 $11 {and Black has nothing to worry.} 40. Bd1 Rxa2) 40. Rd8+ $1 $18 (40. Rxa5 Kg7 $16) 40... Kg7 41. Kh5 $2 ({Only move:} 41. Rc1 $1 $18 h5+ 42. Kxh5 Rh6+ 43. Kg4) 41... Re7 (41... Re1 $1 $14 42. Rg8+ Kh7 43. Rxe1 Bxe1) 42. Rfd1 (42. Rg8+ $16 Kh7 43. Ra8) 42... g4 $2 43. Rg8+ (43. Kxg4 $6 a4 $16) 43... Kh7 44. Rxg4 (44. Rdd8 $1 $18 Rf5+ 45. Kxg4 Rg5+ 46. Kf3 (46. Rxg5 hxg5 47. Kxg5 Bb6 $18) 46... Rf5+ 47. Kg2) 44... Rc6 (44... Re5+ $16 45. Kh4 Bc5) 45. Bg8+ Kh8 {[#]} 46. Bd5 (46. Rd5 Rg7 $16) (46. Rd8 $1 $18 {Intending Bc4+ and mate.} Re5+ 47. Kh4) 46... Rd6 {[%emt 0:00:03] aiming for ...Re5+.} 47. Kh4 (47. Rg8+ Kh7 48. Rf8 Bxg3 $15) ({White should play} 47. Bf3 $14 Re5+ 48. Kh4 Rxd1 49. Bxd1) 47... Red7 $1 $11 48. Rg8+ Kh7 49. Rf8 $1 Be3 (49... Rxd5 $11 {remains equal.} 50. Rxd5 Bxg3+ 51. hxg3 Rxd5) 50. Be4+ Kg7 51. Rxd6 Rxd6 $14 {[%emt 0:00:01][%mdl 4096] Endgame KRB-KRB. White is a pawn up.} 52. Rf3 Bg5+ 53. Kh5 Rd2 54. h4 Bf6 55. a3 Rd4 56. Bf5 Be5 (56... a4 $14) 57. g4 Bf6 (57... Bf4 $142) 58. Rb3 $16 Rd6 59. Rb7+ Kf8 60. Ra7 (60. Kxh6 $18 {Strongly threatening g5.} Bxh4+ 61. Kh7) 60... Bd8 (60... Bc3 $16 61. Rd7 Rxd7 62. Bxd7 Kg7) 61. Bg6 $18 Rd5+ $2 (61... Bxh4 $16 {is a better defense.} 62. Kxh6 (62. Kxh4 Rxg6 63. Rxa5 Kg8 $16) 62... Bd8 63. Rf7+ Kg8) 62. Kxh6 Bxh4 63. Kh7 Be7 {[%emt 0:00:01] [#]} 64. a4 $1 Rd1 65. Rxa5 Bd6 66. Rf5+ Ke7 67. a5 Ra1 68. Rb5 {[%emt 0:00:05] Inhibits Bb4.} (68. Rf7+ $142 Ke6 69. Ra7) 68... Bc7 $16 69. g5 (69. Rb7 $16 Kd6 70. a6 Rxa6 71. Kh6) 69... Rxa5 $11 {[%emt 0:00:01] The position is equal.} 70. Rxa5 Bxa5 71. Bd3 Bc3 72. g6 Bd4 73. g7 {Weighted Error Value: White=0.33/Black=0.34 Loses game:   	---    	Black=4   Missed win:   	White=1   	Black=1   Mistake:    	White=11  	Black=11   Inaccurate:   	White=6   	Black=3   OK:     	White=16  	Black=21   Best:    	White=4   	Black=5   Strong:    	White=4   	Black=1} 1/2-1/2

[Event "GCT Superbet Blitz Poland 2025"]
[Site "Warsaw"]
[Date "2025.04.29"]
[Round "9"]
[White "Vachier-Lagrave, Maxime"]
[Black "Aravindh, Chithambaram VR."]
[Result "1/2-1/2"]
[ECO "B76"]
[WhiteElo "2722"]
[BlackElo "2749"]
[Annotator "RC"]
[PlyCount "111"]
[EventDate "2025.??.??"]
[EventType "blitz"]
[TimeControl "300+2"]

1. e4 c5 2. Nf3 d6 3. d4 cxd4 4. Nxd4 Nf6 5. Nc3 g6 6. Be3 Bg7 7. f3 O-O 8. Qd2 Nc6 9. O-O-O d5 10. exd5 Nxd5 11. Nxc6 bxc6 12. Bd4 e5 13. Bc5 Be6 14. Ne4 Re8 15. Bc4 Qc7 16. h4 h6 ({RR} 16... Rad8 17. Qf2 Nf4 18. Bxe6 Nxe6 19. Be3 f5 20. Nc5 Nxc5 21. Bxc5 e4 22. fxe4 Qe5 23. c3 Qxe4 24. Rxd8 Rxd8 25. Re1 Bh6+ 26. Be3 Re8 27. Kd2 f4 28. Bd4 f3+ 29. Kd1 Qb1# {0-1 (29) Zhao,Z (2171)-Schiszler,E chess.com INT 2025}) 17. g4 f5 18. gxf5 gxf5 19. Ng3 $146 ({RR} 19. Bd6 Qd7 20. Ba3 fxe4 21. fxe4 Rad8 22. exd5 cxd5 23. Qg2 Kh8 24. Rhg1 Rg8 25. Bb3 e4 26. Qe2 Qc7 27. Qe3 Rc8 28. Rg6 Bf5 29. Rxh6+ Bxh6 30. Qxh6+ Bh7 31. Bd6 Qg7 32. Qf4 Rce8 33. Bc5 {1-0 (33) Grebnev,A (2484)-Janturin,A (2384) Dzhubga RUS 2023}) ({RR} 19. Nd6 Rf8 20. Rhg1 Kh7 21. Nb5 Qf7 22. Bxf8 Rxf8 23. Nc3 Nxc3 24. Bxe6 Nxa2+ 25. Bxa2 Qxa2 26. Qd7 Rf7 27. Qxc6 Qa1+ 28. Kd2 Qxb2 29. Ke2 Qb6 30. Qxb6 axb6 31. Rd6 Rc7 32. c4 e4 33. fxe4 fxe4 {Aronian,L (2742)-Mamedov,R (2642) chess.com INT 2023 1-0 (49)}) ({RR} 19. Bd6 Qd7 20. Ba3 fxe4 21. fxe4 Rad8 22. exd5 cxd5 23. Qg2 Kh8 24. Rhg1 Rg8 25. Bb3 e4 26. Qe2 Qc7 27. Qe3 Rc8 28. Rg6 Bf5 29. Rxh6+ Bxh6 30. Qxh6+ Bh7 31. Bd6 Qg7 32. Qf4 Rce8 33. Bc5 {1-0 (33) Grebnev,A (2484)-Janturin,A (2384) Dzhubga RUS 2023}) ({RR} 19. Nd6 Red8 20. Rhg1 Kh7 21. Bxd5 cxd5 22. Qg2 Qd7 23. Qg6+ Kh8 24. f4 Rab8 25. fxe5 Rg8 26. Qh5 Bxe5 27. Qxh6+ Qh7 28. Qxe6 Bxb2+ 29. Kd2 Rgf8 30. Rg6 Bg7 31. Rdg1 Qxh4 32. Rxg7 Qf4+ 33. Be3 Qb4+ {Ilamparthi,A (2336)-Goossens,H (2204) Benidorm ESP 2022 1-0 (36)}) 19... Qf7 20. Rhg1 Kh7 21. Qa5 Rad8 22. Qxa7 Rd7 23. Qa6 Red8 24. Bb3 Bf6 25. Rh1 Rg8 26. Ne2 Rg2 27. Nc3 Nxc3 28. bxc3 Bd5 29. Rhg1 Rxg1 30. Rxg1 Bxh4 31. Kb2 Bf6 32. Qc8 Bg7 33. a4 Rb7 34. Bb4 Rc7 35. Qa8 Bxb3 36. cxb3 c5 37. Ba5 Rb7 38. c4 Ra7 39. Qd8 Rd7 40. Qc8 e4+ 41. Ka3 exf3 42. Rf1 Rd3 43. Bb6 Qf6 44. Bxc5 Qb2+ 45. Kb4 Qxb3+ 46. Ka5 Bc3+ 47. Ka6 Qxc4+ 48. Kb7 Qe4+ 49. Kb6 Bg7 50. a5 Rb3+ 51. Ka7 Qe2 52. Qxf5+ Kh8 53. Qc8+ Kh7 54. Qf5+ Kh8 55. Qc8+ Kh7 56. Qf5+ 1/2-1/2

[Event "GCT Superbet Blitz Poland 2025"]
[Site "Warsaw"]
[Date "2025.04.29"]
[Round "9"]
[White "Topalov, Veselin"]
[Black "Deac, Bogdan-Daniel"]
[Result "0-1"]
[ECO "E61"]
[WhiteElo "2717"]
[BlackElo "2668"]
[Annotator "RC"]
[PlyCount "76"]
[EventDate "2025.??.??"]
[EventType "blitz"]
[TimeControl "300+2"]

1. Nf3 Nf6 2. e3 c5 3. b3 g6 4. Bb2 Bg7 5. c4 b6 6. Be2 Bb7 7. O-O O-O 8. d4 cxd4 9. Nxd4 d6 10. Nc3 Nbd7 11. Bf3 Qc8 12. Rc1 Ne5 13. Bxb7 Qxb7 14. Qe2 a6 15. Rfd1 $146 ({RR} 15. e4 Rac8 16. Nd5 e6 17. Nxf6+ Bxf6 18. Rfd1 Rfd8 19. f4 Nd7 20. Re1 b5 21. cxb5 axb5 22. Nf3 Rxc1 23. Bxc1 Nc5 24. e5 dxe5 25. fxe5 Bg7 26. Bg5 Rd5 27. Rd1 Nd7 28. Bf4 h6 29. h4 b4 {Zemlyanskii,I (2543)-Svidler,P (2698) Almaty KAZ 2024 ½-½ (65)}) ({RR} 15. e4 Rac8 16. Nd5 e6 17. Nxf6+ Bxf6 18. Rfd1 Rfd8 19. f4 Nd7 20. Re1 b5 21. cxb5 axb5 22. Nf3 Rxc1 23. Bxc1 Nc5 24. e5 dxe5 25. fxe5 Bg7 26. Bg5 Rd5 27. Rd1 Nd7 28. Bf4 h6 29. h4 b4 {Zemlyanskii,I (2543)-Svidler,P (2698) Almaty KAZ 2024 ½-½ (65)}) 15... Rac8 16. h3 Rfd8 17. a4 Ned7 18. Ba1 Nc5 19. Rb1 Rd7 20. Nd5 Nxd5 21. cxd5 Qxd5 22. b4 Nxa4 23. Qxa6 Qa8 24. Qxa8 Rxa8 25. Nb5 Rc8 26. Rd2 Rdd8 27. Bxg7 Kxg7 28. Rd3 Rc4 29. Ra3 Ra8 30. Kf1 Kf6 31. Ke2 Ke6 32. Kd3 d5 33. Rba1 Nb2+ 34. Ke2 Rxa3 35. Nxa3 Rxb4 36. Nc2 Ra4 37. Rb1 Nc4 38. Nd4+ Kf6 0-1